Workbook
Name Excel_BuiltIn__FilterDatabase: '収支明細(2016年度参考）'!$A$1:$G$33
Name Excel_BuiltIn__FilterDatabase: '収支明細(入力)'!$A$1:$G$35

Sheet 収支明細(入力)
A1: 収支明細 (2017.4.1～) | G1: 網掛け（*）・・・銀行口座への振込・引き落とし | H1: 残高（参考）
A2: 領収書月日 | B2: 収支 | C2: 科目 | D2: 補助科目 | E2: 摘要 | F2: 収入 | G2: 支出 | H2: 164636
A3: 42838 | B3: 支出 | C3: 04.活動費③募金支出 | D3: ①緑の募金 | E3: ①緑の募金 | G3: 1000 | H3: =H2+F3-G3 -> 163636
A4: 42851 | B4: 収入 | C4: 04.その他収入①アルミ缶回収費 | D4: アルミ缶回収費 | E4: 2017年04月 80kg×@50 | F4: 4000 | H4: =H3+F4-G4 -> 167636
A5: 42849 | B5: 支出 | C5: 08.渉外費 | D5: ①わんわんウォーキング分担金（4/24） | E5: ①わんわんウォーキング分担金（4/24） | G5: 5000 | H5: =H4+F5-G5 -> 162636
A6: 42862 | B6: 支出 | C6: 08.渉外費 | D6: ②宇喜田・小島地区自治連懇親会（5/8） | E6: ②宇喜田・小島地区自治連懇親会（4*3000） | G6: 12000 | H6: =H5+F6-G6 -> 150636
A7: 42866 | B7: 支出 | C7: 04.活動費③募金支出 | D7: ②赤十字社活動募金 | E7: ②赤十字社活動募金 | G7: 2000 | H7: =H6+F7-G7 -> 148636
A8: 42876 | B8: 支出 | C8: 08.渉外費 | D8: ③自治会会議費懇親会費(5/21) | E8: ③自治会会議費懇親会費(5/21) | G8: 25211 | H8: =H7+F8-G8 -> 123425
A9: 42886 | B9: 収入 | C9: 04.その他収入①アルミ缶回収費 | D9: アルミ缶回収費 | E9: 2017年05月 100kg×@50 | F9: 5000 | H9: =H8+F9-G9 -> 128425
A10: 42889 | B10: 支出 | C10: 08.渉外費 | D10: ●弔慰金 | E10: 弔慰金（1013伊藤正典様/5月30日逝去） | G10: 10000 | H10: =H9+F10-G10 -> 118425
A11: 42908 | B11: 支出 | C11: 04.活動費①行事支出 | D11: ①七夕(7/7) | E11: 七夕飾り（土のう） | G11: 515 | H11: =H10+F11-G11 -> 117910
A12: 42908 | B12: 支出 | C12: 04.活動費①行事支出 | D12: ②夏まつり(7/16) | E12: サインクリップ | G12: 392 | H12: =H11+F12-G12 -> 117518
A13: 42908 | B13: 支出 | C13: 06.備品費 | D13: 備品 | E13: のぼり、吊り下げひも、他 | G13: 4300 | H13: =H12+F13-G13 -> 113218
A14: 42908 | B14: 支出 | C14: 04.活動費①行事支出 | D14: ①七夕(7/7) | E14: 七夕飾り（笹） | G14: 14040 | H14: =H13+F14-G14 -> 99178
A15: 42908 | B15: 支出 | C15: 02.自治連年会費 | D15: 宇喜田小島地区自治連協議会分担金 | E15: 宇喜田小島地区自治連協議会分担金 | G15: 23000 | H15: =H14+F15-G15 -> 76178
A16: 42917 | B16: 収入 | C16: 04.その他収入①アルミ缶回収費 | D16: アルミ缶回収費 | E16: 2017年06月 80kg×@50 | F16: 4000 | H16: =H15+F16-G16 -> 80178
A17: 42917 | B17: 支出 | C17: 04.活動費①行事支出 | D17: ①七夕(7/7) | E17: 七夕飾り（印刷代） | G17: 260 | H17: =H16+F17-G17 -> 79918
A18: 42917 | B18: 支出 | C18: 04.活動費④諸経費 | D18: 切手代・印刷代 | E18: 印刷代 | G18: 110 | H18: =H17+F18-G18 -> 79808
A19: 42917 | B19: 支出 | C19: 04.活動費①行事支出 | D19: ①七夕(7/7) | E19: 七夕飾り（飾り） | G19: 3598 | H19: =H18+F19-G19 -> 76210
A20: 42917 | B20: 支出 | C20: 04.活動費①行事支出 | D20: ①七夕(7/7) | E20: 七夕飾り（飾り） | G20: 2084 | H20: =H19+F20-G20 -> 74126
A21: 42931 | B21: 支出 | C21: 06.備品費 | D21: 備品 | E21: のし袋 | G21: 108 | H21: =H20+F21-G21 -> 74018
A22: 42929 | B22: 支出 | C22: 04.活動費①行事支出 | D22: ②夏まつり(7/16) | E22: ビンゴカード | G22: 216 | H22: =H21+F22-G22+200000 -> 273802 | I22: ※２０万円預金引き出し
A23: 42930 | B23: 支出 | C23: 04.活動費①行事支出 | D23: ②夏まつり(7/16) | E23: ＬＰガス2kg代金 | G23: 1944 | H23: =H22+F23-G23 -> 271858
A24: 42922 | B24: 支出 | C24: 06.備品費 | D24: 備品 | E24: 干支人形 | G24: 12960 | H24: =H23+F24-G24 -> 258898
A25: 42932 | B25: 支出 | C25: 04.活動費①行事支出 | D25: ②夏まつり(7/16) | E25: スイカ３個、コーヒー | G25: 9549 | H25: =H24+F25-G25 -> 249349
A26: 42932 | B26: 支出 | C26: 04.活動費①行事支出 | D26: ②夏まつり(7/16) | E26: ドリンク、景品 | G26: 25479 | H26: =H25+F26-G26 -> 223870
A27: 42932 | B27: 支出 | C27: 04.活動費①行事支出 | D27: ②夏まつり(7/16) | E27: 食品 | G27: 41092 | H27: =H26+F27-G27 -> 182778
A28: 42928 | B28: 支出 | C28: 04.活動費①行事支出 | D28: ②夏まつり(7/16) | E28: 交通費 | G28: 340 | H28: =H27+F28-G28 -> 182438
A29: 42928 | B29: 支出 | C29: 04.活動費①行事支出 | D29: ②夏まつり(7/16) | E29: 交通費 | G29: 340 | H29: =H28+F29-G29 -> 182098
A30: 42928 | B30: 支出 | C30: 04.活動費①行事支出 | D30: ②夏まつり(7/16) | E30: 交通費 | G30: 340 | H30: =H29+F30-G30 -> 181758
A31: 42932 | B31: 支出 | C31: 04.活動費①行事支出 | D31: ②夏まつり(7/16) | E31: 食材 | G31: 1132 | H31: =H30+F31-G31 -> 180626
A32: 42932 | B32: 支出 | C32: 04.活動費①行事支出 | D32: ②夏まつり(7/16) | E32: 印刷代、備品 | G32: 3436 | H32: =H31+F32-G32 -> 177190
A33: 42932 | B33: 収入 | C33: 03.行事収入 | D33: ①夏まつり(7/16) | E33: 総売上（参加費＋売上） | F33: 40200 | H33: =H32+F33-G33 -> 217390
A34: 42938 | B34: 支出 | C34: 08.渉外費 | D34: ●弔慰金 | E34: 弔慰金（105中村アキ様/7月4日逝去） | G34: 10000 | H34: =H33+F34-G34 -> 207390
A35: 42947 | B35: 支出 | C35: 08.渉外費 | D35: ●弔慰金 | E35: 弔慰金（802片岡利子様/3月13日逝去） | G35: 10000 | H35: =H34+F35-G35 -> 197390
A36: 42952 | B36: 収入 | C36: 04.その他収入①アルミ缶回収費 | D36: アルミ缶回収費 | E36: 2017年07月 80kg×@50 | F36: 4000 | H36: =H35+F36-G36 -> 201390
A37: 42952 | B37: 支出 | C37: 04.活動費③募金支出 | D37: ③青い羽根募金 | E37: ③青い羽根募金 | G37: 1000 | H37: =H36+F37-G37 -> 200390
A38: 42952 | B38: 支出 | C38: 04.活動費①行事支出 | D38: ③運動会(9/24) | E38: 運動会自治会分担金 | G38: 7800 | H38: =H37+F38-G38 -> 192590
A39: 42952 | B39: 支出 | C39: 04.活動費①行事支出 | D39: ②夏まつり(7/16) | E39: ビール | G39: 47810 | H39: =H38+F39-G39 -> 144780
A40: 42952 | B40: 支出 | C40: 08.渉外費 | D40: ●弔慰金 | E40: 弔慰金（1105鹿毛様奥様/7月18日逝去） | G40: 10000 | H40: =H39+F40-G40 -> 134780
A41: 42955 | B41: 支出 | C41: 06.備品費 | D41: 備品 | E41: ＴＶ投影装置（EZCast Ｐｒｏ） | G41: 13932 | H41: =H40+F41-G41 -> 120848
A42: 42954 | B42: 支出 | C42: 06.備品費 | D42: 備品 | E42: 名札ケース | G42: 944 | H42: =H41+F42-G42 -> 119904
A43: 42954 | B43: 支出 | C43: 08.渉外費 | D43: 交通費 | E43: 交通費 | G43: 340 | H43: =H42+F43-G43 -> 119564
A51: 【銀行入出金分】
F84: =SUM(F3:F83) -> 57200 | G84: =SUM(G3:G83) -> 302272

Sheet 収支表示（集計）
A1: 第１４期自治会収支報告
D3: データ
A4: 収支 | B4: 科目 | C4: 補助科目 | D4: 収入の部 | E4: 支出の部
A5: 収入 | B5: 03.行事収入 | C5: ①夏まつり(7/16) | D5: 40200
B6: 03.行事収入 集計 | D6: 40200
B7: 04.その他収入①アルミ缶回収費 | C7: アルミ缶回収費 | D7: 17000
B8: 04.その他収入①アルミ缶回収費 集計 | D8: 17000
A9: 支出 | B9: 02.自治連年会費 | C9: 宇喜田小島地区自治連協議会分担金 | E9: 23000
B10: 02.自治連年会費 集計 | E10: 23000
B11: 04.活動費①行事支出 | C11: ①七夕(7/7) | E11: 20497
C12: ②夏まつり(7/16) | E12: 132070
C13: ③運動会(9/24) | E13: 7800
B14: 04.活動費①行事支出 集計 | E14: 160367
B15: 04.活動費③募金支出 | C15: ①緑の募金 | E15: 1000
C16: ②赤十字社活動募金 | E16: 2000
C17: ③青い羽根募金 | E17: 1000
B18: 04.活動費③募金支出 集計 | E18: 4000
B19: 04.活動費④諸経費 | C19: 切手代・印刷代 | E19: 110
B20: 04.活動費④諸経費 集計 | E20: 110
B21: 06.備品費 | C21: 備品 | E21: 32244
B22: 06.備品費 集計 | E22: 32244
B23: 08.渉外費 | C23: ●弔慰金 | E23: 40000
C24: ①わんわんウォーキング分担金（4/24） | E24: 5000
C25: ②宇喜田・小島地区自治連懇親会（5/8） | E25: 12000
C26: ③自治会会議費懇親会費(5/21) | E26: 25211
C27: 交通費 | E27: 340
B28: 08.渉外費 集計 | E28: 82551
A29: 総計 | D29: 57200 | E29: 302272

Sheet 今期決算書
A1: 第１４期（平成２９年度）決算書
A3: ２０１７年４月１日～２０１８年３月３１日
H4: (単位：円）
A5: 収 入 の 部 | E5: 支 出 の 部
A6: 科 目 | B6: 予算額 | C6: 実績額 | D6: 備 考 | E6: 科 目 | F6: 予算額 | G6: 実績額 | H6: 備 考
A7: コミュニティ費（旧自治会費） | B7: 500000 | C7: =GETPIVOTDATA("収入の部",'収支表示（集計）'!$A$3,"収支","収入","科目","01.コミュニティ費") -> #REF! | E7: 行政分担金 | F7: 27250 | G7: =GETPIVOTDATA("支出の部",'収支表示（集計）'!$A$3,"収支","支出","科目","01.行政分担金") -> #REF!
A8: 区・文書等配布委託金 | B8: 130800 | C8: =GETPIVOTDATA("収入の部",'収支表示（集計）'!$A$3,"収支","収入","科目","02.区・文書等配布委託金") -> #REF! | E8: 自治連年会費 | F8: 23000 | G8: =GETPIVOTDATA("支出の部",'収支表示（集計）'!$A$3,"収支","支出","科目","02.自治連年会費") -> 23000
A9: 行事収入 | B9: 75000 | C9: =GETPIVOTDATA("収入の部",'収支表示（集計）'!$A$3,"収支","収入","科目","03.行事収入") -> 40200 | E9: 防犯協会加入分担金 | F9: 12630 | G9: =GETPIVOTDATA("支出の部",'収支表示（集計）'!$A$3,"収支","支出","科目","03.防犯協会加入分担金") -> #REF!
A10: その他収入 | B10: 80250 | C10: =SUM(C11:C12) -> #REF! | E10: 活動費 | F10: 644110 | G10: =SUM(G11:G14) -> #REF!
A11: ①アルミ缶回収費 | B11: 80000 | C11: =GETPIVOTDATA("収入の部",'収支表示（集計）'!$A$3,"収支","収入","科目","04.その他収入①アルミ缶回収費") -> 17000 | E11: ①行事支出 | F11: 590000 | G11: =GETPIVOTDATA("支出の部",'収支表示（集計）'!$A$3,"収支","支出","科目","04.活動費①行事支出") -> 160367
A12: ②その他 | B12: 250 | C12: =GETPIVOTDATA("収入の部",'収支表示（集計）'!$A$3,"収支","収入","科目","04.その他収入②その他") -> #REF! | D12: 注１ | E12: ②自治会保険料 | F12: 34110 | G12: =GETPIVOTDATA("支出の部",'収支表示（集計）'!$A$3,"収支","支出","科目","04.活動費②自治会保険料") -> #REF!
A13: 寄付金 | B13: 150000 | C13: =GETPIVOTDATA("収入の部",'収支表示（集計）'!$A$3,"収支","収入","科目","05.寄付金") -> #REF! | D13: 注２ | E13: ③募金支出 | F13: 10000 | G13: =GETPIVOTDATA("支出の部",'収支表示（集計）'!$A$3,"収支","支出","科目","04.活動費③募金支出") -> 4000
E14: ④諸経費 | F14: 10000 | G14: =GETPIVOTDATA("支出の部",'収支表示（集計）'!$A$3,"収支","支出","科目","04.活動費④諸経費") -> 110
E15: 印刷関係費 | F15: 40000 | G15: =GETPIVOTDATA("支出の部",'収支表示（集計）'!$A$3,"収支","支出","科目","05.印刷関係費") -> #REF!
E16: 備品費 | F16: 30000 | G16: =GETPIVOTDATA("支出の部",'収支表示（集計）'!$A$3,"収支","支出","科目","06.備品費") -> 32244 | H16: 注３
E17: 消耗品費 | F17: 10000 | G17: =GETPIVOTDATA("支出の部",'収支表示（集計）'!$A$3,"収支","支出","科目","07.消耗品費") -> #REF!
E18: 渉外費 | F18: 170000 | G18: =GETPIVOTDATA("支出の部",'収支表示（集計）'!$A$3,"収支","支出","科目","08.渉外費") -> 82551
E19: 銀行手数料 | F19: 3000 | G19: =GETPIVOTDATA("支出の部",'収支表示（集計）'!$A$3,"収支","支出","科目","09.銀行手数料") -> #REF!
E20: 予備費 | F20: 10000 | G20: =GETPIVOTDATA("支出の部",'収支表示（集計）'!$A$3,"収支","支出","科目","10.予備費") -> #REF!
A21: 収入合計 | B21: 936050 | C21: =SUM(C7:C10)+C13 -> #REF! | E21: 支出合計 | F21: 969990 | G21: =SUM(G7:G10)+SUM(G15:G20) -> #REF!
A22: 前期繰越金 | B22: 1444523 | C22: =B22 -> 1444523 | E22: 次期繰越金 | F22: 1394334 | G22: =G23-G21 -> #REF!
A23: 収入・繰越金合計 | B23: 2380573 | C23: =SUM(C21:C22) -> #REF! | E23: 支出・繰越金合計 | F23: 2364324 | G23: =C23 -> #REF!
A25: ２０１８年 月 日
A27: 第１４期収支決算を上記の通り上程し、ご報告いたします。
D28: バームハイツ西葛西自治会
D29: 会 長 | E29: 関 根 弘 二
A30: =A25 -> ２０１８年 月 日
A32: 第１４期決算書を監査した結果、適正なることを認めます。
D33: 監 事 | E33: 星 野 武 夫

Sheet 次期予算案
A1: 第１５期（平成３０年度）予算案
A2: ２０１８年４月１日～２０１９年３月３１日 | H2: (単位：円）
A3: 収 入 の 部 | E3: 支 出 の 部
A4: 科 目 | B4: 前期実績 | C4: 予算額 | D4: 備 考 | E4: 科 目 | F4: 前期実績 | G4: 予算額 | H4: 備 考
A5: コミュニティ費（旧自治会費） | B5: =今期決算書!C7 -> #REF! | C5: 500000 | D5: 注1 | E5: 行政分担金 | F5: =今期決算書!G7 -> #REF! | G5: 27250
A6: 区・文書等配布委託金 | B6: =今期決算書!C8 -> #REF! | C6: 130800 | E6: 自治連年会費 | F6: =今期決算書!G8 -> 23000 | G6: 23000
A7: 行事収入 | B7: =今期決算書!C9 -> 40200 | C7: 75000 | E7: 防犯協会加入分担金 | F7: =今期決算書!G9 -> #REF! | G7: 12630
A8: その他収入 | B8: =今期決算書!C10 -> #REF! | C8: =C9+C10 -> 80250 | E8: 活動費 | F8: =今期決算書!G10 -> #REF! | G8: =SUM(G9:G12) -> 644110
A9: ①集団回収費 | B9: =今期決算書!C11 -> 17000 | C9: 80000 | D9: 注2 | E9: ①行事支出 | F9: =今期決算書!G11 -> 160367 | G9: ='【行事予算案（入力）】）'!J12 -> 590000 | H9: 注4
A10: ②その他 | B10: =今期決算書!C12 -> #REF! | C10: 250 | D10: 利息等 | E10: ②自治会保険料 | F10: =今期決算書!G12 -> #REF! | G10: 34110
A11: 寄付金 | B11: =今期決算書!C13 -> #REF! | C11: 150000 | D11: 注3 | E11: ③募金支出 | F11: =今期決算書!G13 -> 4000 | G11: 10000
E12: ④諸経費 | F12: =今期決算書!G14 -> 110 | G12: 10000
E13: 印刷関係費 | F13: =今期決算書!G15 -> #REF! | G13: 40000
E14: 備品費 | F14: =今期決算書!G16 -> 32244 | G14: 30000 | H14: 注5
E15: 消耗品費 | F15: =今期決算書!G17 -> #REF! | G15: 10000
E16: 渉外費 | F16: =今期決算書!G18 -> 82551 | G16: ='【行事予算案（入力）】）'!J16 -> 170000 | H16: 注6
E17: 銀行手数料 | F17: =今期決算書!G19 -> #REF! | G17: 3000
E18: 予備費 | F18: =今期決算書!G20 -> #REF! | G18: 10000
A19: 収入合計 | B19: =今期決算書!C21 -> #REF! | C19: =SUM(C5:C8)+C11 -> 936050 | E19: 支出合計 | F19: =今期決算書!G21 -> #REF! | G19: =SUM(G5:G8)+SUM(G13:G18) -> 969990
A20: 前期繰越金 | B20: =今期決算書!C22 -> 1444523 | C20: =今期決算書!G22 -> #REF! | E20: 次期繰越金 | F20: =今期決算書!G22 -> #REF! | G20: =G21-G19 -> #REF!
A21: 収入・繰越金合計 | B21: =今期決算書!C23 -> #REF! | C21: =SUM(C19:C20) -> #REF! | E21: 支出・繰越金合計 | F21: =今期決算書!G23 -> #REF! | G21: =C21 -> #REF!

Sheet 【行事予算案（入力）】）
J1: 今期予算 | L1: 前期実績 | N1: 前期予算
A2: 注1 | B2: コミュニティ費 | C2: 2014年12月～2015年5月* | D2: 250000 | E2: 円 | G2: 注4 | H2: 行事支出 | I2: 七 夕 | J2: 20000 | K2: 円（ | L2: 14036 | M2: 円/ | N2: 20000 | O2: 円）
C3: 2015年6月～2015年11月* | D3: 250000 | E3: 円 | I3: 夏まつり | J3: 130000 | K3: 円（ | L3: 115640 | M3: 円/ | N3: 130000 | O3: 円）
D4: 500000 | E4: 円 | I4: 運動会 | J4: 60000 | K4: 円（ | L4: 50718 | M4: 円/ | N4: 60000 | O4: 円）
I5: いも煮会 | J5: 80000 | K5: 円（ | L5: 75824 | M5: 円/ | N5: 80000 | O5: 円）
A6: 注2 | B6: 集団回収費 | C6: @5,500×12か月＝ | D6: 66000 | E6: 円 | I6: クリスマス飾り | J6: 70000 | K6: 円（ | L6: 42498 | M6: 円/ | N6: 70000 | O6: 円）
B7: 区の報奨金 | D7: 14000 | E7: 円 | I7: 正月飾り | J7: 50000 | K7: 円（ | L7: 51748 | M7: 円/ | N7: 50000 | O7: 円）
B8: 合計 | D8: =SUM(D6:D7) -> 80000 | E8: 円 | I8: 鏡開き | J8: 20000 | K8: 円（ | L8: 16240 | M8: 円/ | N8: 20000 | O8: 円）
I9: 新年会 | J9: 45000 | K9: 円（ | L9: 42893 | M9: 円/ | N9: 45000 | O9: 円）
A10: 注3 | B10: 寄付金 | C10: @30,000×5回＝ | D10: 150000 | E10: 円 | I10: もちつき | J10: 105000 | K10: 円（ | L10: 103351 | M10: 円/ | N10: 105000 | O10: 円）
I11: バザー | J11: 10000 | K11: 円（ | L11: 10861 | M11: 円/ | N11: 10000 | O11: 円）
A12: 注5 | B12: その他 | D12: 50000 | E12: 円 | I12: 合計 | J12: =SUM(J2:J11) -> 590000 | K12: 円（ | L12: =SUM(L2:L11) -> 523809 | M12: 円/ | N12: 590000 | O12: 円）
B13: 合計 | D13: =SUM(D12:D12) -> 50000 | E13: 円 | G13: 注6 | H13: 渉外費
I14: 自治連会合費他 | J14: 130000 | K14: 円
I15: 研修会・その他 | J15: 40000 | K15: 円
I16: 合計 | J16: =SUM(J14:J15) -> 170000 | K16: 円

Sheet 今期貸借対照表
A1: 第１４期（平成２９年度）貸借対照表
A3: ２０１８年３月３１日現在
F4: (単位：円）
A5: 資 産 の 部 | D5: 負債及び繰越金の部
A6: 科 目 | C6: 金額 | D6: 科 目 | F6: 金額
A7: 現預金 | B7: 普通預金 | C7: 1279887 | D7: 未払金 | E7: 未払金 | F7: 0
B8: 現金 | C8: 164636 | D8: 前受金 | E8: 前受金 | F8: 0
B9: 小計 | C9: =SUM(C7:C8) -> 1444523 | D9: 預り金 | E9: 預り金・借受金 | F9: 0
D10: 振替金 | E10: 未振替金 | F10: 0
A11: 未収入金 | B11: 未収入金 注１ | C11: 0
B12: 仮払金 | C12: 0
D16: 次期繰越金 | F16: =今期決算書!G22 -> #REF!
A17: 合 計 | C17: =C9+C11+C12 -> 1444523 | D17: 合 計 | F17: =SUM(F7:F16) -> #REF!

Sheet 収支明細(2016年度参考）
A1: 収支明細 (2016.4.1～) | G1: 網掛け（*）・・・銀行口座への振込・引き落とし
A2: 領収書月日 | B2: 収支 | C2: 科目 | D2: 補助科目 | E2: 摘要 | F2: 収入 | G2: 支出
A3: 42481 | B3: 支出 | C3: 04.活動費③募金支出 | D3: ①緑の募金 | E3: ①緑の募金 | G3: 1000
A4: 42487 | B4: 収入 | C4: 04.その他収入①アルミ缶回収費 | D4: アルミ缶回収費 | E4: 平成28年04月 80kg×@50 | F4: 4000
A5: 42497 | B5: 支出 | C5: 04.活動費③募金支出 | D5: ②赤十字社活動募金 | E5: ②赤十字社活動募金 | G5: 2000
A6: 42478 | B6: 支出 | C6: 08.渉外費 | D6: ①わんわんウォーキング分担金（4/18） | E6: ①わんわんウォーキング分担金（4/18） | G6: 5000
A7: 42498 | B7: 支出 | C7: 08.渉外費 | D7: ②宇喜田・小島地区自治連懇親会（5/8） | E7: ②宇喜田・小島地区自治連懇親会（6*3000） | G7: 18000
A8: 42512 | B8: 支出 | C8: 08.渉外費 | D8: ③自治会会議費懇親会費(5/22) | E8: ③自治会会議費懇親会費(5/22) | G8: 31367
A9: 42512 | B9: 収入 | C9: 04.その他収入①アルミ缶回収費 | D9: アルミ缶回収費 | E9: 平成28年05月 80kg×@50 | F9: 4000
A10: 42526 | B10: 支出 | C10: 02.自治連年会費 | D10: 宇喜田小島地区自治連協議会分担金 | E10: 宇喜田小島地区自治連協議会分担金 | G10: 23000
A11: 42528 | B11: 支出 | C11: 06.備品費 | D11: 備品 | E11: 掲示板用ラベル | G11: 199
A12: 42533 | B12: 支出 | C12: 04.活動費①行事支出 | D12: ①七夕(7/7) | E12: 七夕飾り（かざり） | G12: 7196
A13: 42547 | B13: 支出 | C13: 04.活動費①行事支出 | D13: ①七夕(7/7) | E13: 七夕飾り（かざり） | G13: 4780
A14: 42548 | B14: 支出 | C14: 04.活動費①行事支出 | D14: ①七夕(7/7) | E14: 七夕飾り（かざり） | G14: 2060
A15: 42527 | B15: 支出 | C15: 06.備品費 | D15: 備品 | E15: 仕上げ砥石修正用 | G15: 1227
A16: 42550 | B16: 収入 | C16: 04.その他収入①アルミ缶回収費 | D16: アルミ缶回収費 | E16: 平成28年06月 100kg×@50 | F16: 5000
A17: 42564 | B17: 支出 | C17: 04.活動費①行事支出 | D17: ②夏まつり(7/17) | E17: 菓子 | G17: 390
A18: 42564 | B18: 支出 | C18: 06.備品費 | D18: 備品 | E18: 備品機材 | G18: 7701
A19: 42564 | B19: 支出 | C19: 04.活動費①行事支出 | D19: ②夏まつり(7/17) | E19: 交通費 | G19: 330
A20: 42564 | B20: 支出 | C20: 04.活動費④諸経費 | D20: 切手代・印刷代 | E20: 印刷代 | G20: 220
A21: 42564 | B21: 支出 | C21: 04.活動費④諸経費 | D21: 切手代・印刷代 | E21: 印刷代 | G21: 3750
A22: 42567 | B22: 支出 | C22: 04.活動費①行事支出 | D22: ②夏まつり(7/17) | E22: ビンゴ・他 | G22: 706
A23: 42568 | B23: 支出 | C23: 04.活動費①行事支出 | D23: ②夏まつり(7/17) | E23: ガス代金 | G23: 1944
A24: 42568 | B24: 支出 | C24: 04.活動費①行事支出 | D24: ②夏まつり(7/17) | E24: 食品他 | G24: 28839
A25: 42568 | B25: 支出 | C25: 04.活動費①行事支出 | D25: ②夏まつり(7/17) | E25: 食品他 | G25: 1272
A26: 42568 | B26: 支出 | C26: 04.活動費①行事支出 | D26: ②夏まつり(7/17) | E26: 食品他 | G26: 11462
A27: 42568 | B27: 支出 | C27: 04.活動費①行事支出 | D27: ②夏まつり(7/17) | E27: 景品 | G27: 10480
A28: 42568 | B28: 収入 | C28: 03.行事収入 | D28: ①夏まつり(7/17) | E28: 総売上（参加費＋売上） | F28: 43900
A29: 42568 | B29: 支出 | C29: 04.活動費①行事支出 | D29: ②夏まつり(7/17) | E29: ビール | G29: 46410
A30: 42566 | B30: 支出 | C30: 04.活動費①行事支出 | D30: ②夏まつり(7/17) | E30: スイカ３個 | G30: 10120
A31: 42562 | B31: 支出 | C31: 04.活動費①行事支出 | D31: ②夏まつり(7/17) | E31: コーヒー | G31: 3687
A32: 42578 | B32: 収入 | C32: 04.その他収入①アルミ缶回収費 | D32: アルミ缶回収費 | E32: 平成28年07月 80kg×@50 | F32: 4000
A33: 42589 | B33: 支出 | C33: 04.活動費③募金支出 | D33: ③青い羽根募金 | E33: ③青い羽根募金 | G33: 1000
A34: 42589 | B34: 支出 | C34: 04.活動費①行事支出 | D34: ③運動会(9/25) | E34: 運動会自治会分担金 | G34: 7800
A35: 42614 | B35: 支出 | C35: 07.消耗品費 | D35: 消耗品 | E35: ホッチキス、画鋲 | G35: 1743
A36: 42613 | B36: 収入 | C36: 04.その他収入①アルミ缶回収費 | D36: アルミ缶回収費 | E36: 平成28年08月 110kg×@50 | F36: 5500
A37: 42621 | B37: 支出 | C37: 06.備品費 | D37: ゴザ | E37: ゴザ2枚 | G37: 6222
A38: 42619 | B38: 支出 | C38: 04.活動費①行事支出 | D38: ③運動会(9/25) | E38: 飲料 | G38: 8748
A39: 42619 | B39: 支出 | C39: 04.活動費①行事支出 | D39: ③運動会(9/25) | E39: 飲料 | G39: 797
A40: 42625 | B40: 支出 | C40: 07.消耗品費 | D40: 消耗品 | E40: カセットボンベ | G40: 321
A41: 42638 | B41: 支出 | C41: 04.活動費①行事支出 | D41: ③運動会(9/25) | E41: お弁当 | G41: 9750
A42: 42638 | B42: 支出 | C42: 04.活動費①行事支出 | D42: ③運動会(9/25) | E42: レンタカー | G42: 13176
A43: 42638 | B43: 支出 | C43: 04.活動費①行事支出 | D43: ③運動会(9/25) | E43: おやつ他 | G43: 5676
A44: 42621 | B44: 支出 | C44: 07.消耗品費 | D44: 消耗品 | E44: 養生テープ他 | G44: 956
A45: 42635 | B45: 支出 | C45: 04.活動費④諸経費 | D45: 切手代・印刷代 | E45: 印刷代 | G45: 790
A46: 42638 | B46: 支出 | C46: 04.活動費①行事支出 | D46: ③運動会(9/25) | E46: 飲料 | G46: 745
A47: 42638 | B47: 支出 | C47: 04.活動費①行事支出 | D47: ③運動会(9/25) | E47: 朝食 | G47: 3789
A48: 42638 | B48: 支出 | C48: 04.活動費①行事支出 | D48: ③運動会(9/25) | E48: 飲料 | G48: 99
... A50: 42638 | B50: 支出 | C50: 04.活動費①行事支出 | D50: ④いも煮会(10/23) | E50: 飲み物 | G50: 1851
A51: 42641 | B51: 収入 | C51: 04.その他収入①アルミ缶回収費 | D51: アルミ缶回収費 | E51: 平成28年09月 80kg×@50 | F51: 4000
A52: 42666 | B52: 収入 | C52: 03.行事収入 | D52: ②いも煮会(10/23) | E52: 会費 | F52: 12900
A53: 42666 | B53: 支出 | C53: 04.活動費①行事支出 | D53: ④いも煮会(10/23) | E53: 食費 | G53: 16401
A54: 42666 | B54: 支出 | C54: 04.活動費①行事支出 | D54: ④いも煮会(10/23) | E54: 食費 | G54: 42163
A55: 42666 | B55: 支出 | C55: 04.活動費①行事支出 | D55: ④いも煮会(10/23) | E55: ビールなど | G55: 10273
A56: 42666 | B56: 支出 | C56: 07.消耗品費 | D56: 消耗品 | E56: 備品（いもに会） | G56: 3858
A57: 42666 | B57: 支出 | C57: 04.活動費①行事支出 | D57: ④いも煮会(10/23) | E57: 交通費 | G57: 330
A58: 42666 | B58: 支出 | C58: 04.活動費④諸経費 | D58: 切手代・印刷代 | E58: 印刷代（いも煮会） | G58: 2350
A59: 42666 | B59: 支出 | C59: 04.活動費①行事支出 | D59: ④いも煮会(10/23) | E59: 日本酒 | G59: 2862
A60: 42668 | B60: 支出 | C60: 07.消耗品費 | D60: 消耗品 | E60: 養生テープ他 | G60: 990
A61: 42664 | B61: 支出 | C61: 04.活動費①行事支出 | D61: ④いも煮会(10/23) | E61: ガス代金 | G61: 1944
A62: 42671 | B62: 収入 | C62: 04.その他収入①アルミ缶回収費 | D62: アルミ缶回収費 | E62: 平成28年10月 80kg×@50 | F62: 4000
A63: 42680 | B63: 支出 | C63: 04.活動費③募金支出 | D63: ④赤い羽根募金 | E63: ③赤い羽根募金 | G63: 3000
A64: 42681 | B64: 支出 | C64: 10.予備費 | D64: ①ワイヤレスアンプ修理 | E64: ①ワイヤレスアンプ修理 | G64: 1890
A65: 42681 | B65: 支出 | C65: 06.備品費 | D65: アクティブスピーカー | E65: アクティブスピーカー | G65: 34601
A66: 42681 | B66: 支出 | C66: 06.備品費 | D66: アクティブスピーカー | E66: アクティブスピーカー・交通費 | G66: 780
A67: 42687 | B67: 支出 | C67: 04.活動費①行事支出 | D67: ⑤もちつき(11/13) | E67: 業者代金 | G67: 100000
A68: 42687 | B68: 支出 | C68: 04.活動費①行事支出 | D68: ⑤もちつき(11/13) | E68: 反省会費用 | G68: 3351
A69: 42687 | B69: 支出 | C69: 04.活動費④諸経費 | D69: 切手代・印刷代 | E69: 印刷代（もちつき） | G69: 1650
A70: 42693 | B70: 支出 | C70: 04.活動費①行事支出 | D70: ⑦正月飾り | E70: 鏡餅 | G70: 5980
A71: 42699 | B71: 支出 | C71: 04.活動費①行事支出 | D71: ⑥クリスマス飾り | E71: クリスマス飾り 他 | G71: 41299
A72: 42699 | B72: 支出 | C72: 04.活動費④諸経費 | D72: 切手代・印刷代 | E72: 印刷代（クリスマス飾り） | G72: 230
A73: 42707 | B73: 支出 | C73: 04.活動費①行事支出 | D73: ⑥クリスマス飾り | E73: お茶 | G73: 875
A74: 42704 | B74: 支出 | C74: 04.活動費①行事支出 | D74: ⑥クリスマス飾り | E74: 吸盤 | G74: 324
A75: 42704 | B75: 収入 | C75: 04.その他収入①アルミ缶回収費 | D75: アルミ缶回収費 | E75: 平成28年11月 100kg×@50 | F75: 5000
A76: 42733 | B76: 支出 | C76: 04.活動費①行事支出 | D76: ⑦正月飾り | E76: 門松 | G76: 41040
A77: 42728 | B77: 支出 | C77: 04.活動費①行事支出 | D77: ⑦正月飾り | E77: 正月飾り | G77: 4728
A78: 42733 | B78: 支出 | C78: 08.渉外費 | D78: ④自治会会議費懇親会費(12/29) | E78: 自治会忘年会 10名 | G78: 36374
A79: 42741 | B79: 支出 | C79: 08.渉外費 | D79: ⑤葛西地区新年顔合わせ会(1/6) | E79: 葛西地区新年顔合わせ会 | G79: 45000
A80: 42732 | B80: 収入 | C80: 04.その他収入①アルミ缶回収費 | D80: アルミ缶回収費 | E80: 平成28年12月 90kg×@50 | F80: 4500
A81: 42741 | B81: 支出 | C81: 08.渉外費 | D81: ⑤葛西地区新年顔合わせ会(1/6) | E81: 葛西地区新年顔合わせ会交通費8名@420 | G81: 3360
A82: 42748 | B82: 支出 | C82: 04.活動費①行事支出 | D82: ⑨新年会 | E82: 日本酒 | G82: 4277
A83: 42744 | B83: 支出 | C83: 06.備品費 | D83: のぼり | E83: のぼり | G83: 3000
A84: 42751 | B84: 支出 | C84: 04.活動費④諸経費 | D84: 切手代・印刷代 | E84: 印刷代 | G84: 1630
A85: 42751 | B85: 支出 | C85: 07.消耗品費 | D85: 消耗品 | E85: マグネットシート | G85: 216
A86: 42745 | B86: 支出 | C86: 04.活動費①行事支出 | D86: ⑧鏡開き | E86: 食費 | G86: 13585
A87: 42756 | B87: 支出 | C87: 04.活動費①行事支出 | D87: ⑨新年会 | E87: 飲み物 | G87: 18991
A88: 42756 | B88: 支出 | C88: 04.活動費①行事支出 | D88: ⑨新年会 | E88: 飲み物 | G88: 4625
A89: 42757 | B89: 支出 | C89: 04.活動費①行事支出 | D89: ⑨新年会 | E89: オードブル | G89: 15000
A90: 42761 | B90: 収入 | C90: 04.その他収入①アルミ缶回収費 | D90: アルミ缶回収費 | E90: 平成29年01月 80kg×@50 | F90: 4000
A91: 42747 | B91: 支出 | C91: 04.活動費①行事支出 | D91: ⑧鏡開き | E91: 食器 | G91: 2655
A92: 42786 | B92: 支出 | C92: 04.活動費①行事支出 | D92: ⑩バザー | E92: 物品購入 | G92: 1596
A93: 42786 | B93: 支出 | C93: 04.活動費①行事支出 | D93: ⑩バザー | E93: 交通費 | G93: 400
A94: 42786 | B94: 支出 | C94: 04.活動費④諸経費 | D94: 切手代・印刷代 | E94: バザー印刷代 | G94: 1760
A95: 42799 | B95: 支出 | C95: 08.渉外費 | D95: ⑥弔慰金（1208久松智様/2月23日逝去） | G95: 10000
A96: 42771 | B96: 支出 | C96: 08.渉外費 | D96: 交通費 | E96: 自治会役員表彰式 | G96: 1260
A97: 42799 | B97: 収入 | C97: 04.その他収入①アルミ缶回収費 | D97: アルミ缶回収費 | E97: 平成29年02月 80kg×@50 | F97: 4000
A98: 42806 | B98: 収入 | C98: 03.行事収入 | D98: ③バザー | E98: 売上 | F98: 19165
A99: 42806 | B99: 支出 | C99: 04.活動費①行事支出 | D99: ⑩バザー | E99: 交通費 | G99: 8454
A100: 42806 | B100: 支出 | C100: 04.活動費①行事支出 | D100: ⑩バザー | E100: 交通費 | G100: 411
A101: 42819 | B101: 支出 | C101: 08.渉外費 | D101: ⑦弔慰金（７１8高木正明様/3月18日逝去） | G101: 10000
...
